AoeStats
← Noobjoker

Oasis

507710943Analyzed
4v4 RM · 12d ago on Sep 19, 2026· 55m 6s· 8 players
Game mode
Random Map
Map size
Large (8 player)
Population
200
Speed
Normal
Resources
Standard
Victory
Conquest
Starting age
Dark Age
Ending age
Imperial Age
RankedLock teamsTeams togetherTeam positionsShared explorationLock speedFull tech treeHidden civsTurbo modeCheats
Victory
Defeat
🇮🇳 Aztecs · India
1489
+11
🇳🇬 Ethiopians · Nigeria
1341
+17
🇧🇪 Byzantines · Belgium
1289
+18
🇨🇳 Vikings · China
1266
+19
🇨🇳 Sicilians · China
1416
-19
🇹🇼 Gurjaras · Taiwan
1367
-17
🇹🇼 Huns · Taiwan
1346
-16
🇻🇳 Vietnamese · Vietnam
1284
-13
Noobjoker
6:51 Loom
8:40 Feudal Age
9:35 Double-Bit Axe
12:15 Horse Collar
17:15 Town Watch
19:04 Gold Mining
21:47 Castle Age
20:49 Stone Mining
31:42 Wheelbarrow
33:52 Heavy Plow
35:04 Hand Cart
36:53 Bow Saw
40:24 Light Cavalry
41:17 Bloodlines
45:03 Imperial Age
43:40 Kshatriyas
45:22 Scale Barding Armor
45:27 Forging
46:32 Crop Rotation
47:07 Chain Barding Armor
46:42 Elite Shrivamsha Rider
48:00 Iron Casting
47:33 Husbandry
49:59 Light Cavalry
50:45 Hussar
52:34 Plate Barding Armor
53:44 Fletching
pasonnosap
8:28 Loom
16:55 Feudal Age
18:11 Double-Bit Axe
18:51 Bloodlines
20:58 Castle Age
19:23 Forging
19:21 Scale Barding Armor
19:59 Horse Collar
21:40 Husbandry
22:04 Chain Barding Armor
23:30 Gold Mining
25:32 Iron Casting
30:51 Bow Saw
31:55 Heavy Plow
33:50 Fletching
34:42 Wheelbarrow
34:38 Bodkin Arrow
34:44 Padded Archer Armor
34:23 Crossbowman
43:13 Gold Shaft Mining
49:13 Imperial Age
47:01 Hand Cart
47:34 Leather Archer Armor
48:56 Thumb Ring
49:25 Ballistics
49:26 Elite Skirmisher
50:45 Bracer
51:49 Chemistry
51:00 Masonry
51:31 Imperial Skirmisher
53:00 Cavalier
54:53 Blast Furnace
55:35 Parthian Tactics
比奇堡_Gary
9:58 Feudal Age
10:28 Double-Bit Axe
10:31 Horse Collar
18:09 Wheelbarrow
21:34 Castle Age
20:16 Gold Mining
21:24 Scale Barding Armor
21:29 Forging
21:42 Bloodlines
22:36 Chain Barding Armor
22:44 Bow Saw
25:06 Heavy Plow
25:38 Hand Cart
28:11 Stone Mining
28:59 Gold Shaft Mining
28:23 Loom
28:23 Town Watch
33:44 Imperial Age
32:05 Iron Casting
32:11 Husbandry
33:24 Scale Mail Armor
35:08 Plate Barding Armor
33:55 Cavalier
35:05 Hauberk
36:04 Conscription
37:06 Blast Furnace
37:36 Caravan
38:20 Elite Serjeant
39:17 Chain Mail Armor
41:53 Coinage
43:24 Squires
43:10 Arson
43:11 Gambesons
45:40 Banking
49:36 Fletching
49:34 Arrowslits
50:00 Masonry
50:29 Light Cavalry
Vince
7:13 Loom
9:36 Feudal Age
10:11 Double-Bit Axe
10:49 Horse Collar
20:07 Castle Age
19:24 Gold Mining
19:26 Stone Mining
21:36 Bow Saw
23:43 Stone Shaft Mining
23:33 Heavy Plow
25:31 Fletching
25:43 Padded Archer Armor
31:26 Bodkin Arrow
32:24 Wheelbarrow
33:25 Leather Archer Armor
33:43 Ballistics
33:03 Treadmill Crane
33:45 Hand Cart
37:42 Imperial Age
34:58 Town Watch
38:00 Elite Rattan Archer
39:04 Bracer
40:18 Chemistry
39:24 Siege Engineers
42:37 Two-Man Saw
42:08 Crop Rotation
43:56 Caravan
44:46 Ring Archer Armor
47:29 Thumb Ring
46:44 Elite Skirmisher
48:16 Elite Skirmisher
49:13 Imperial Skirmisher
NotATeamPlayer
8:39 Loom
10:25 Feudal Age
14:45 Castle Age
14:08 Fletching
14:56 Double-Bit Axe
16:30 Bow Saw
16:59 Town Watch
19:32 Bodkin Arrow
21:01 Crossbowman
24:47 Pikeman
25:13 Gambesons
25:29 Squires
25:33 Scale Mail Armor
28:57 Wheelbarrow
28:44 Forging
31:28 Hand Cart
32:05 Gold Mining
35:27 Imperial Age
34:03 Stone Mining
34:47 Chain Mail Armor
34:15 Eagle Warrior
35:33 Elite Eagle Warrior
35:59 Arson
39:36 Plate Mail Armor
42:46 Bracer
42:47 Padded Archer Armor
42:08 Arbalester
44:57 Leather Archer Armor
45:05 Ballistics
45:45 Chemistry
46:36 Iron Casting
48:31 Blast Furnace
49:48 Conscription
50:11 Elite Jaguar Warrior
Professor Chaos
4:05 Loom
12:27 Feudal Age
13:43 Wheelbarrow
12:57 Double-Bit Axe
17:45 Castle Age
17:19 Horse Collar
18:54 Heavy Plow
27:26 Fletching
32:57 Imperial Age
30:49 Bow Saw
31:02 Hand Cart
32:05 Scale Barding Armor
33:21 Husbandry
33:43 Chain Barding Armor
33:36 Forging
34:39 Gold Mining
36:49 Pikeman
37:30 Squires
37:28 Bodkin Arrow
40:00 Iron Casting
40:03 Plate Barding Armor
40:46 Scale Mail Armor
43:08 Gold Shaft Mining
43:14 Coinage
43:03 Chain Mail Armor
43:33 Halberdier
45:40 Plate Mail Armor
45:34 Arson
48:31 Conscription
49:59 Cavalier
50:45 Bracer
50:35 Elite Cataphract
51:49 Banking
纯属意外666
8:56 Loom
14:05 Feudal Age
17:26 Fletching
24:54 Castle Age
24:18 Padded Archer Armor
24:07 Double-Bit Axe
25:44 Bodkin Arrow
26:05 Leather Archer Armor
25:11 Crossbowman
32:17 Bow Saw
39:04 Horse Collar
41:07 Ballistics
46:37 Imperial Age
44:20 Scale Mail Armor
44:31 Forging
44:16 Gambesons
43:51 Pikeman
44:32 Scale Mail Armor
45:14 Gold Mining
45:14 Stone Mining
46:59 Heavy Plow
47:44 Conscription
46:52 Arbalester
47:58 Bracer
48:42 Ring Archer Armor
49:09 Gold Shaft Mining
49:35 Forging
49:40 Chain Mail Armor
48:47 Man-at-Arms
49:28 Squires
49:13 Arson
51:23 Chemistry
49:45 Long Swordsman
51:45 Iron Casting
51:12 Chieftains
51:43 Guard Tower
52:26 Plate Mail Armor
51:32 Two-Handed Swordsman
52:47 Bogsveigar
53:02 Bogsveigar
55:40 Blast Furnace
54:52 Champion
D_Baron
11:08 Feudal Age
15:13 Castle Age
13:07 Gold Mining
13:08 Double-Bit Axe
14:49 Fletching
16:54 Wheelbarrow
16:00 Crossbowman
16:38 Loom
17:05 Bodkin Arrow
17:38 Horse Collar
23:54 Ballistics
24:42 Padded Archer Armor
26:55 Thumb Ring
28:32 Hand Cart
34:50 Imperial Age
32:57 Leather Archer Armor
35:46 Bow Saw
35:01 Arbalester
36:07 Conscription
36:22 Bracer
36:52 Ring Archer Armor
37:26 Chemistry
36:38 Masonry
38:52 Town Watch
39:26 Torsion Engines
42:27 Elite Skirmisher
44:15 Architecture
43:52 Siege Engineers
43:58 Scale Mail Armor
44:08 Forging
44:06 Squires
48:24 Chain Mail Armor
48:45 Iron Casting
54:56 Two-Man Saw
53:57 Heavy Plow
54:34 Gold Shaft Mining
54:44 Plate Mail Armor
55:13 Caravan
Connection lost

Rejoining the realm…

Still unreachable

The connection could not be restored.

Session expired

The server has moved on; the page needs a fresh start.